 Dungeon Crawl Stone Soup version 0.19.1 (webtiles) character file.

10733 markt42 the Basher (level 11, -2/94 HPs)
             Began as a Hill Orc Fighter on Dec 10, 2016.
             Was the Champion of Okawaru.
             Incinerated by a smoke demon (4 damage)
             ... with a sticky flame
             ... on level 2 of the Abyss.
             The game lasted 00:22:55 (15858 turns).

markt42 the Basher (Hill Orc Fighter)              Turns: 15858, Time: 00:22:56

Health: -2/94      AC: 15    Str: 22    XL:     11   Next: 66%
Magic:  11/11      EV:  7    Int: 10    God:    Okawaru [******]
Gold:   596        SH: 12    Dex: 20    Spells: 0 memorised, 10 levels left

rFire  . . .     SeeInvis .     H - +2 flail (crush)
rCold  . . .     Gourm    .     z - +1 plate armour
rNeg   . . .     Faith    .     c - +0 shield
rPois  .         Spirit   .     (no helmet)
rElec  .         Reflect  .     i - +0 cloak
rCorr  .         Harm     .     r - +0 pair of gloves
MR     .....                    e - +0 pair of boots
Stlth  ..........               m - amulet of rage
                                I - +5 ring of protection
                                w - ring "Zaen" {*Slow +Inv Int+4 Dex+9 Stlth+}

@: liquid flames, corroded, glowing
A: dopey 1, screaming 1, slow regeneration 1, subdued magic 1
a: Heroism, Finesse, Renounce Religion, Evoke Berserk Rage, Evoke Invisibility


You were on level 2 of the Abyss.
You worshipped Okawaru.
Okawaru was exalted by your worship.
You were not hungry.

You visited 2 branches of the dungeon, and saw 12 of its levels.
You visited the Abyss 1 time.

You collected 596 gold pieces.

Inventory:

Hand Weapons
 H - a +2 flail of crushing (weapon)
Armour
 c - a +0 shield (worn)
 e - a +0 pair of boots (worn)
 i - a +0 cloak (worn)
 r - a +0 pair of gloves (worn)
 z - a +1 plate armour (worn)
Jewellery
 m - an amulet of rage (around neck)
 w - the ring "Zaen" (left hand) {*Slow +Inv Int+4 Dex+9 Stlth+}
   (You found it on level 11 of the Dungeon)

   [ring of stealth]

   It affects your intelligence (+4).
   It affects your dexterity (+9).
   It lets you turn invisible.
   It may slow you when you take damage.
   It makes you more stealthy.
 y - an uncursed ring of resist corrosion
 I - a +5 ring of protection (right hand)
Wands
 a - a wand of lightning (8/15)
 n - a wand of confusion (13/48)
 o - a wand of enslavement (12/24)
 x - a wand of lightning (3/15)
 D - a wand of slowing (12/48)
 E - a wand of teleportation (6/9)
 G - a wand of flame (35/48)
Scrolls
 b - 4 scrolls of magic mapping
 h - 5 scrolls of identify
 j - 8 scrolls of remove curse
 l - 2 scrolls of teleportation
 p - 3 scrolls of recharging
 s - a scroll of fog
 C - 2 scrolls of random uselessness
Potions
 g - a potion of magic
 v - a potion of cure mutation {unknown}
 A - a potion of flight {unknown}
 F - 2 potions of resistance
 J - a potion of agility {unknown}
Comestibles
 f - 4 bread rations
 q - 5 slices of pizza
 t - 5 meat rations
 u - 2 beef jerkies
 B - 24 fruits


   Skills:
 + Level 8.3 Fighting
   Level 7.7(12.3) Axes
 * Level 12.8(13.4) Maces & Flails
 + Level 8.4 Armour
 + Level 2.1 Dodging
 + Level 8.7 Shields
 + Level 0.2 Evocations


You had 10 spell levels left.
You didn't know any spells.

Dungeon Overview and Level Annotations

Branches:
Dungeon (11/15)            Temple (1/1) D:5            Lair (0/6) D:10
    Orc (0/2) D:11

Altars:
Ashenzari
Cheibriados
Dithmenos
Elyvilon
Fedhas
Gozag
Hepliaklqana
Kikubaaqudgha
Makhleb
Nemelex Xobeh
Okawaru
Qazlal
Ru
Sif Muna
Trog
Uskayaw
Vehumet
Xom
Yredelemnul
Zin
The Shining One
Lugonu

Shops:
D:4 (   D:6 %   D:10 !

Annotations:
D:11 Sonja


Innate Abilities, Weirdness & Mutations

You are dopey. (Int -2)
You occasionally shout uncontrollably at your foes.
You regenerate slowly when monsters are visible.
Your spells are a little easier to cast, but a little less powerful.


Message History

The smoke demon hits you but does no damage.
You block the smoke demon's attack.
The smoke demon hits you but does no damage.
A small abomination comes into view.
You are covered in liquid flames!
* * * LOW HITPOINT WARNING * * *
You block the hellwing's attack.
The hellwing hits you but does no damage.
The small abomination moves out of view.
The raiju bites you but does no damage.
You are covered in liquid flames!
* * * LOW HITPOINT WARNING * * *
The blink frog blinks!
You block the blink frog's attack. The raiju bites you but does no damage.
You are covered in liquid flames!
* * * LOW HITPOINT WARNING * * *
You hit the small abomination.
The small abomination is lightly damaged.
You are covered in liquid flames!
You die...

# ### . # ## ## #..#
.##.. .### #.####..#
# ##.#.#
#...##....##.
##.#.)..#
....#....###....#.
.# ..##....ยง...F#.#
.## #x..#.4.#..####
..# #.@4#34##..#..
### #.#Fh2X.xh.## #
. #..4h.....#... # .
#...#...##.#### X.
#.
#.##.##..###.#.#..#.
# ## ..#.........#
.. ..#### .....##. .
.## ..#


You could see a shadow demon, a large abomination, a hellwing, a rust devil, 3
raiju, a blink frog and 2 small abominations.

Vanquished Creatures
  Erica (D:10)
  The ghost of Scuka the Markscentaur, a novice CeHu (D:4)
  A hill giant (D:10)
  A cyclops (D:9)
  The ghost of Scuka the Archer, a novice CeHu of Okawaru (D:6)
  A gargoyle (D:8)
  A komodo dragon (D:10)
  An ancient zyme (Abyss:2)
  A troll (D:10)
  A hippogriff (D:10)
  A shadow (D:10)
  A ynoxinul (Abyss:2)
  A wyvern (D:10)
  3 yaks (D:11)
  2 small abominations (Abyss:2)
  A hungry ghost (D:11)
  Edmund (D:5)
  A water moccasin (D:8)
  3 orc warriors
  A hornet zombie (D:10)
  2 sky beasts (D:7)
  4 ice beasts
  A necrophage (D:10)
  7 phantoms
  4 centaurs
  An ogre (D:10)
  4 big kobolds
  4 bullfrogs
  A scorpion (D:5)
  A water moccasin skeleton (D:9)
  4 killer bees (D:11)
  14 wights
  8 howler monkeys
  2 quasits
  7 crimson imps
  A bullfrog zombie (D:11)
  3 centaur skeletons
  3 hounds
  2 jellies
  3 orc priests
  3 bullfrog skeletons
  5 iguanas
  13 orc wizards
  14 worker ants
  A hound skeleton (D:4)
  3 worker ant zombies
  14 adders
  2 shadow imps
  An ufetubus (Abyss:2)
  An adder skeleton (D:10)
  2 adder zombies
  4 worms
  A dart slug (D:1)
  4 leopard geckos
  52 orcs
  2 giant cockroaches
  7 goblins
  9 hobgoblins
  5 jackals
  5 quokkas
  5 bats
  9 frilled lizards
  A jackal skeleton (D:4)
  A jackal zombie (D:7)
  23 kobolds
  A leopard gecko zombie (D:6)
  A quokka skeleton (D:9)
  8 rats
298 creatures vanquished.

Vanquished Creatures (others)
  An orc wizard (D:4)
  2 kobolds (D:10)
  4 plants (D:10)
7 creatures vanquished.

Grand Total: 305 creatures vanquished

Notes
Turn   | Place    | Note
-------+----------+-------------------------------------------
     0 | D:1      | markt42 the Hill Orc Fighter began the quest for the Orb.
     0 | D:1      | Reached XP level 1. HP: 19/19 MP: 1/1
   154 | D:1      | Reached XP level 2. HP: 27/27 MP: 2/2
   656 | D:1      | Reached XP level 3. HP: 33/33 MP: 3/3
  1330 | D:2      | Reached XP level 4. HP: 40/40 MP: 4/4
  1734 | D:3      | Found an iron altar of Okawaru.
  1754 | D:3      | Became a worshipper of Warmaster Okawaru
  2280 | D:3      | Noticed a dagger
  2281 | D:3      | Noticed a dagger
  2282 | D:3      | Found a hide-covered altar of Uskayaw.
  2793 | D:4      | Reached skill level 5 in Axes
  2800 | D:4      | Reached XP level 5. HP: 39/46 MP: 5/5
  2899 | D:4      | Noticed a phantom
  2923 | D:4      | Killed a phantom
  2923 | D:4      | Reached XP level 6. HP: 39/53 MP: 6/6
  3395 | D:4      | Reached * piety under Okawaru
  3647 | D:4      | Found Faixken's Antique Weapon Emporium.
  3684 | D:4      | Reached XP level 7. HP: 12/60 MP: 7/7
  4046 | D:4      | Found a deep blue altar of Sif Muna.
  4304 | D:4      | Reached skill level 1 in Maces & Flails
  4571 | D:4      | Reached skill level 2 in Maces & Flails
  4630 | D:4      | Found a blossoming altar of Fedhas.
  4951 | D:4      | Reached ** piety under Okawaru
  4951 | D:4      | Reached skill level 5 in Fighting
  5026 | D:4      | Reached skill level 5 in Shields
  5029 | D:4      | Noticed Scuka's ghost (novice CeHu)
  5044 | D:4      | Reached skill level 3 in Maces & Flails
  5063 | D:4      | Killed Scuka's ghost
  5063 | D:4      | Reached *** piety under Okawaru
  5063 | D:4      | Reached skill level 5 in Maces & Flails
  5063 | D:4      | Reached skill level 5 in Armour
  5063 | D:4      | Reached skill level 1 in Dodging
  5063 | D:4      | Reached XP level 8. HP: 32/68 MP: 8/8
  5452 | D:5      | Entered Level 5 of the Dungeon
  5493 | D:5      | Noticed Edmund
  5514 | D:5      | Killed Edmund
  5514 | D:5      | Reached skill level 6 in Maces & Flails
  5762 | D:5      | Found a staircase to the Ecumenical Temple.
  5770 | Temple   | Entered the Ecumenical Temple
  5863 | D:5      | Reached XP level 9. HP: 44/74 MP: 9/9
  6356 | D:5      | Reached skill level 7 in Maces & Flails
  6881 | D:6      | Found a stormy altar of Qazlal.
  6939 | D:6      | Found a radiant altar of Vehumet.
  7239 | D:6      | Found Jifoa's Food Shop.
  7243 | D:6      | Noticed Scuka's ghost (novice CeHu)
  7273 | D:6      | Killed Scuka's ghost
  7273 | D:6      | Reached **** piety under Okawaru
  7273 | D:6      | Reached skill level 8 in Maces & Flails
  7341 | D:6      | Found a glowing golden altar of the Shining One.
  7694 | D:6      | Found a glowing golden altar of the Shining One.
  7919 | D:6      | Found a basalt altar of Yredelemnul.
  8288 | D:7      | Found a white marble altar of Elyvilon.
  8703 | D:7      | Reached skill level 9 in Maces & Flails
  9351 | D:8      | Reached XP level 10. HP: 50/84 MP: 10/10
 10002 | D:8      | Found an ancient bone altar of Kikubaaqudgha.
 10178 | D:8      | Noticed a gargoyle
 10187 | D:8      | Killed a gargoyle
 10187 | D:8      | Reached ***** piety under Okawaru
 10187 | D:8      | Reached skill level 10 in Maces & Flails
 10998 | D:9      | Noticed a cyclops
 11006 | D:9      | Killed a cyclops
 11006 | D:9      | Received a gift from Okawaru
 11598 | D:9      | Found a shimmering altar of Xom.
 11647 | D:9      | Found a burning altar of Makhleb.
 11650 | D:9      | Found a glowing silver altar of Zin.
 11658 | D:9      | Found a radiant altar of Vehumet.
 11845 | D:10     | Entered Level 10 of the Dungeon
 11858 | D:10     | Found Ushipnuss's Distillery.
 12222 | D:10     | Found a staircase to the Lair.
 12238 | D:10     | Reached skill level 11 in Maces & Flails
 12862 | D:10     | Reached XP level 11. HP: 92/92 MP: 11/11
 13217 | D:10     | Noticed a hill giant
 13231 | D:10     | Killed a hill giant
 13231 | D:10     | Reached skill level 12 in Maces & Flails
 13745 | D:11     | Noticed Erica
 14117 | D:10     | Killed Erica
 14117 | D:10     | Reached ****** piety under Okawaru
 14233 | D:11     | Got a shimmering pewter ring
 14327 | D:11     | Noticed Sonja
 14354 | D:11     | Gained mutation: You regenerate slowly when monsters are visible. [potion of mutation]
 14354 | D:11     | Gained mutation: You are dopey. (Int -2) [potion of mutation]
 14354 | D:11     | Gained mutation: You are clumsy. (Dex -2) [potion of mutation]
 14355 | D:11     | Found a staircase to the Orcish Mines.
 15156 | D:11     | Got a slimy chain mail
 15157 | D:11     | Identified the +1 chain mail of Runotus {SInv} (You found it on level 11 of the Dungeon)
 15158 | D:11     | Identified the ring "Zaen" {*Slow +Inv Int+4 Dex+9 Stlth+} (You found it on level 11 of the Dungeon)
 15651 | D:11     | Cast into level 2 of the Abyss (Sonja)
 15762 | Abyss:2  | Found a corrupted altar of Lugonu.
 15818 | Abyss:2  | Found a corrupted altar of Lugonu.
 15822 | Abyss:2  | Noticed a thrashing horror
 15826 | Abyss:2  | Noticed a thrashing horror
 15842 | Abyss:2  | Noticed a shadow demon
 15854 | Abyss:2  | Gained mutation: You occasionally shout uncontrollably at your foes. [potion of mutation]
 15854 | Abyss:2  | Lost mutation: You are clumsy. (Dex -2) [potion of mutation]
 15854 | Abyss:2  | Gained mutation: Your spells are a little easier to cast, but a little less powerful. [potion of mutation]
 15857 | Abyss:2  | HP: 2/94 [burnt (8)]
 15858 | Abyss:2  | Incinerated by a smoke demon

Skill      XL: |  1  2  3  4  5  6  7  8  9 10 11 |
---------------+----------------------------------+-----
Axes           | 3 4 5 6 7 |  7.7
Fighting       | 4 5 6 7 8 |  8.3
Armour         | 4 5 6 7 8 |  8.4
Shields        | 4 5 6 7 8 |  8.7
Maces & Flails | 5 6 9 11 12 | 12.8
Dodging        | 1 2 |  2.1
Evocations     | |  0.2

Action                   |  1- 3 |  4- 6 |  7- 9 | 10-12 || total
-------------------------+-------+-------+-------+-------++-------
Melee: War axe           |   110 |   208 |    15 |       ||   333
       Mace              |       |       |   631 |    48 ||   679
       Flail             |       |       |       |   587 ||   587
Throw: Tomahawk          |       |       |       |     3 ||     3
Evoke: Wand              |       |       |       |     4 ||     4
  Use: Potion            |       |       |     6 |    11 ||    17
       Scroll            |       |       |       |    15 ||    15
  Eat: Chunk             |     1 |     8 |    13 |    11 ||    33
       Meat ration       |       |       |     1 |     2 ||     3
       Beef jerky        |       |       |     1 |     2 ||     3
       Royal jelly       |       |       |       |     1 ||     1
Armor: Scale mail        |    59 |    41 |       |       ||   100
       Chain mail        |       |    88 |   147 |       ||   235
       Plate armour      |       |       |   139 |   444 ||   583
Dodge: Dodged            |    44 |    50 |   108 |   151 ||   353
Block: Shield            |    51 |   126 |   284 |   413 ||   874
